PL
CALIFORNIA OCEANLINERS @ BOSTON PATRIOTS
09/11/2021
 
TOP OF THE 1ST
California Oceanliners batting - Pitching for Boston Patriots : RHP Lúcio Sánchez
Pitching: RHP Lúcio Sánchez
Batting: RHB Eric D'Angle 0-0: Foul Ball, location: 2F
0-1: Ball
1-1: SINGLE (Line Drive, 4M)
Batting: RHB Kyle Bywaters 0-0: Swinging Strike
0-1: Fly out, F7 (Line Drive, 7M)
Batting: SHB Vasco Paradela 0-0: Ball
Eric D'Angle steals 2nd base
1-0: SINGLE (Line Drive, 89M)
Eric D'Angle to third
Runner from 3rd tries for Home, SAFE, no throw or cutoff
Batting: RHB Lawrence Bell 0-0: Called Strike
0-1: Ball
1-1: Ball
2-1: Foul Ball, location: 2F
2-2: Fly out, F8 (Flyball, 8RS)
Batting: RHB Nathan Clay 0-0: Called Strike
0-1: Ball
1-1: Ball
2-1: Swinging Strike
2-2: Strikes out looking
Top of the 1st over - 1 run(s), 2 hit(s), 0 error(s), 1 left on base; California 1 - Boston 0
BOTTOM OF THE 1ST
Boston Patriots batting - Pitching for California Oceanliners : RHP Kuemon Hirata
Pitching: RHP Kuemon Hirata
Batting: RHB Tommy Jones 0-0: Called Strike
0-1: Ball
1-1: DOUBLE (Flyball, 7D)
Batting: LHB Emery Miller 0-0: Ball
1-0: Ground out 4-3 (Groundball, 4)
Tommy Jones to third
Batting: LHB Bill Chambers 0-0: Hit by Pitch
Batting: RHB Wilfred McLaughlin 0-0: Ball
Wild Pitch!
Tommy Jones scores
Bill Chambers to second
1-0: Foul Ball, location: 2F
1-1: Swinging Strike
1-2: Ball
2-2: Ground out 6-3 (Groundball, 6M)
Bill Chambers to third
Batting: LHB Chad Armstrong 0-0: Called Strike
0-1: Foul Ball, location: 2F
0-2: Foul Ball, location: 2F
0-2: Ball
1-2: Ball
2-2: Strikes out swinging
Bottom of the 1st over - 1 run(s), 1 hit(s), 0 error(s), 1 left on base; California 1 - Boston 1
TOP OF THE 2ND
California Oceanliners batting - Pitching for Boston Patriots : RHP Lúcio Sánchez
Batting: LHB George Valentine 0-0: Ball
1-0: Ball
2-0: Called Strike
2-1: Ball
3-1: Swinging Strike
3-2: Foul Ball, location: 2F
3-2: Base on Balls
Batting: RHB Kurt Chappell 0-0: Ball
1-0: Ball
2-0: Called Strike
2-1: Swinging Strike
2-2: Ball
3-2: Grounds into double play, 6-4-3 (Groundball, 56)
Batting: RHB Jesús Martínez 0-0: Foul Ball, location: 2F
0-1: Ball
1-1: Ball
2-1: Foul Ball, location: 2F
2-2: SINGLE (Line Drive, 9S)
Batting: RHB Bernardo Herrera 0-0: Called Strike
0-1: Fielders Choice at 2nd, 6-4 (Groundball, 6)
Top of the 2nd over - 0 run(s), 1 hit(s), 0 error(s), 0 left on base; California 1 - Boston 1
BOTTOM OF THE 2ND
Boston Patriots batting - Pitching for California Oceanliners : RHP Kuemon Hirata
Batting: RHB Karl Schultz 0-0: Ball
1-0: Ball
2-0: Called Strike
2-1: Ball
3-1: Called Strike
3-2: Foul Ball, location: 2F
3-2: Ground out 1-3 (Groundball, 23)
Pitching: RHP Harrison Jones
Batting: RHB Enrique Pérez 0-0: Ball
1-0: Foul Ball, location: 2F
1-1: Ball
2-1: Ball
3-1: Base on Balls
Batting: RHB Bob Heller 0-0: Called Strike
0-1: Ball
1-1: Ball
2-1: Foul Ball, location: 2F
2-2: Ball
3-2: SINGLE (Groundball, 56D)
Enrique Pérez to second
Batting: RHB Tamasaburo Kato 0-0: Called Strike
0-1: Ball
1-1: Ball
2-1: Swinging Strike
2-2: Foul Ball, location: 2F
2-2: Ball
3-2: Foul Ball, location: 2F
3-2: Base on Balls
Enrique Pérez to third
Bob Heller to second
Batting: RHB Tommy Jones 0-0: Foul Ball, location: 2F
0-1: Grounds into double play, 6-4-3 (Groundball, 6M)
Bottom of the 2nd over - 0 run(s), 1 hit(s), 0 error(s), 2 left on base; California 1 - Boston 1
TOP OF THE 3RD
California Oceanliners batting - Pitching for Boston Patriots : RHP Lúcio Sánchez
Batting: RHB Eric D'Angle 0-0: Foul Ball, location: 2F
0-1: Ball
1-1: Called Strike
1-2: Foul Ball, location: 2F
1-2: Strikes out looking
Batting: RHB Kyle Bywaters 0-0: Fly out, F7 (Flyball, 8LS)
Batting: SHB Vasco Paradela 0-0: Ball
1-0: Called Strike
1-1: Called Strike
1-2: Ground out 6-3 (Groundball, 6)
Top of the 3rd over - 0 run(s), 0 hit(s), 0 error(s), 0 left on base; California 1 - Boston 1
BOTTOM OF THE 3RD
Boston Patriots batting - Pitching for California Oceanliners : RHP Harrison Jones
Batting: LHB Emery Miller 0-0: Called Strike
0-1: Foul Ball, location: 2F
0-2: SINGLE (Line Drive, 7S)
Batting: LHB Bill Chambers 0-0: Ball
1-0: Ball
2-0: Fly out, F6 (Popup, 7LS)
Batting: RHB Wilfred McLaughlin 0-0: SINGLE (Line Drive, 6MD)
Emery Miller to second
Batting: LHB Chad Armstrong 0-0: Ball
1-0: Called Strike
1-1: Ball
2-1: Foul Ball, location: 2F
2-2: Ball
3-2: Fly out, F3 (Popup, 23)
Batting: RHB Karl Schultz 0-0: Ball
1-0: Ball
2-0: Called Strike
2-1: Swinging Strike
2-2: Strikes out swinging
Bottom of the 3rd over - 0 run(s), 2 hit(s), 0 error(s), 2 left on base; California 1 - Boston 1
TOP OF THE 4TH
California Oceanliners batting - Pitching for Boston Patriots : RHP Lúcio Sánchez
Batting: RHB Lawrence Bell 0-0: Swinging Strike
0-1: Swinging Strike
0-2: Strikes out looking
Batting: RHB Nathan Clay 0-0: Foul Ball, location: 2F
0-1: Called Strike
0-2: Ball
1-2: Strikes out looking
Batting: LHB George Valentine 0-0: Ball
1-0: Called Strike
1-1: Foul Ball, location: 2F
1-2: Ball
2-2: Foul Ball, location: 2F
2-2: Strikes out looking
Top of the 4th over - 0 run(s), 0 hit(s), 0 error(s), 0 left on base; California 1 - Boston 1
BOTTOM OF THE 4TH
Boston Patriots batting - Pitching for California Oceanliners : RHP Harrison Jones
Batting: RHB Enrique Pérez 0-0: Called Strike
0-1: Swinging Strike
0-2: Strikes out swinging
Batting: RHB Bob Heller 0-0: Called Strike
0-1: Ball
1-1: Foul Ball, location: 2F
1-2: Ground out 6-3 (Groundball, 6)
Batting: RHB Tamasaburo Kato 0-0: Called Strike
0-1: Ball
1-1: Called Strike
1-2: Foul Ball, location: 2F
1-2: Foul Ball, location: 2F
1-2: Fly out, F6 (Popup, 6M)
Bottom of the 4th over - 0 run(s), 0 hit(s), 0 error(s), 0 left on base; California 1 - Boston 1
TOP OF THE 5TH
California Oceanliners batting - Pitching for Boston Patriots : RHP Lúcio Sánchez
Batting: RHB Kurt Chappell 0-0: Called Strike
0-1: Swinging Strike
0-2: Ball
1-2: Ball
2-2: Foul Ball, location: 2F
2-2: Strikes out swinging
Batting: RHB Jesús Martínez 0-0: Foul Ball, location: 2F
0-1: Swinging Strike
0-2: Strikes out swinging
Batting: RHB Bernardo Herrera 0-0: Ball
1-0: Ball
2-0: Foul Ball, location: 2F
2-1: Fly out, F9 (Flyball, 9M)
Top of the 5th over - 0 run(s), 0 hit(s), 0 error(s), 0 left on base; California 1 - Boston 1
BOTTOM OF THE 5TH
Boston Patriots batting - Pitching for California Oceanliners : RHP Harrison Jones
Batting: RHB Tommy Jones 0-0: Called Strike
0-1: Ball
1-1: Ground out 5-3 (Groundball, 5S)
Batting: LHB Emery Miller 0-0: Called Strike
0-1: Ball
1-1: Swinging Strike
1-2: Foul Ball, location: 2F
1-2: SINGLE (Line Drive, 89S)
Batting: LHB Bill Chambers 0-0: Called Strike
0-1: Fly out, F8 (Flyball, 8LD)
Batting: RHB Wilfred McLaughlin 0-0: Ball
1-0: Ball
2-0: Called Strike
2-1: Foul Ball, location: 2F
2-2: 2-RUN HOME RUN (Line Drive, 7D), Distance : 384 ft
Batting: LHB Chad Armstrong 0-0: Ball
1-0: Called Strike
1-1: Ball
2-1: Called Strike
2-2: SINGLE (Flyball, 9S)
Batting: RHB Karl Schultz 0-0: Called Strike
0-1: Ball
1-1: Ball
2-1: Ball
3-1: SINGLE (Line Drive, 56)
Chad Armstrong to second
Batting: RHB Enrique Pérez 0-0: Foul Ball, location: 2F
0-1: Foul Ball, location: 2F
0-2: Fly out, F8 (Flyball, 8RD)
Bottom of the 5th over - 2 run(s), 4 hit(s), 0 error(s), 2 left on base; California 1 - Boston 3
TOP OF THE 6TH
California Oceanliners batting - Pitching for Boston Patriots : RHP Lúcio Sánchez
Batting: RHB Eric D'Angle 0-0: Fly out, F8 (Flyball, 8LS)
Batting: RHB Kyle Bywaters 0-0: Ball
1-0: Swinging Strike
1-1: Ball
2-1: Foul Ball, location: 2F
2-2: Ball
3-2: Strikes out swinging
Batting: SHB Vasco Paradela 0-0: Called Strike
0-1: Called Strike
0-2: Strikes out swinging
Top of the 6th over - 0 run(s), 0 hit(s), 0 error(s), 0 left on base; California 1 - Boston 3
BOTTOM OF THE 6TH
Boston Patriots batting - Pitching for California Oceanliners : RHP Harrison Jones
Pitching: RHP Eduardo Molina
Batting: RHB Bob Heller 0-0: Fly out, F7 (Flyball, 7S)
Batting: RHB Tamasaburo Kato 0-0: Called Strike
0-1: Called Strike
0-2: Strikes out swinging
Batting: RHB Tommy Jones 0-0: Called Strike
0-1: Ball
1-1: Ball
2-1: Ball
3-1: Base on Balls
Batting: LHB Emery Miller 0-0: Called Strike
0-1: Ball
Pickoff Throw to First - Error! E1
Tommy Jones to second
1-1: Foul Ball, location: 2F
1-2: Ball
2-2: Foul Ball, location: 2F
2-2: Strikes out looking
Bottom of the 6th over - 0 run(s), 0 hit(s), 1 error(s), 1 left on base; California 1 - Boston 3
TOP OF THE 7TH
California Oceanliners batting - Pitching for Boston Patriots : RHP Lúcio Sánchez
Batting: RHB Lawrence Bell 0-0: Ball
1-0: Called Strike
1-1: Ball
2-1: Ball
3-1: Base on Balls
Batting: RHB Nathan Clay 0-0: Called Strike
0-1: Called Strike
0-2: Ball
1-2: Ball
2-2: Ball
3-2: Foul Ball, location: 2F
3-2: Base on Balls
Lawrence Bell to second
Pitching: LHP Jesús Caldero
Batting: LHB George Valentine 0-0: Ball
1-0: Foul Ball, location: 2F
1-1: Swinging Strike
1-2: Grounds into double play, 1-6-3 (Groundball, 15S)
Lawrence Bell to third
Batting: RHB Kurt Chappell 0-0: Called Strike
0-1: Ball
1-1: Called Strike
1-2: Fly out, F7 (Flyball, 7M)
Top of the 7th over - 0 run(s), 0 hit(s), 0 error(s), 1 left on base; California 1 - Boston 3
BOTTOM OF THE 7TH
Boston Patriots batting - Pitching for California Oceanliners : RHP Eduardo Molina
Batting: LHB Bill Chambers 0-0: Called Strike
0-1: Ball
1-1: Fly out, F8 (Flyball, 78D)
Batting: RHB Wilfred McLaughlin 0-0: Ball
1-0: Ball
2-0: Called Strike
2-1: Swinging Strike
2-2: Ball
3-2: Base on Balls
Batting: LHB Chad Armstrong 0-0: Called Strike
0-1: Called Strike
Wilfred McLaughlin steals 2nd base
0-2: Ball
1-2: Ball
2-2: Ball
3-2: Base on Balls
Batting: RHB Karl Schultz 0-0: Swinging Strike
0-1: Grounds into double play, 6-4-3 (Groundball, 6)
Bottom of the 7th over - 0 run(s), 0 hit(s), 0 error(s), 1 left on base; California 1 - Boston 3
TOP OF THE 8TH
California Oceanliners batting - Pitching for Boston Patriots : LHP Jesús Caldero
Batting: RHB Jesús Martínez 0-0: Called Strike
0-1: Fly out, F8 (Flyball, 8LM)
Batting: RHB Bernardo Herrera 0-0: Ground out 6-3 (Groundball, 6)
Batting: RHB Eric D'Angle 0-0: Ball
1-0: Called Strike
1-1: Foul Ball, location: 2F
1-2: Ball
2-2: Ground out 5-3 (Groundball, 5S)
Top of the 8th over - 0 run(s), 0 hit(s), 0 error(s), 0 left on base; California 1 - Boston 3
BOTTOM OF THE 8TH
Boston Patriots batting - Pitching for California Oceanliners : RHP Eduardo Molina
Batting: RHB Enrique Pérez 0-0: Called Strike
0-1: Ball
1-1: Ball
2-1: Ball
3-1: Swinging Strike
3-2: Foul Ball, location: 2F
3-2: SINGLE (Groundball, 15S) (infield hit)
Batting: RHB Bob Heller 0-0: Ground out 4-3 (Groundball, 4M)
Enrique Pérez to second
Batting: RHB Tamasaburo Kato 0-0: Fly out, F8 (Flyball, 8LM)
Batting: RHB Tommy Jones 0-0: Called Strike
0-1: Ball
1-1: Ball
2-1: Fly out, F7 (Flyball, 7D)
Bottom of the 8th over - 0 run(s), 1 hit(s), 0 error(s), 1 left on base; California 1 - Boston 3
TOP OF THE 9TH
California Oceanliners batting - Pitching for Boston Patriots : LHP Jesús Caldero
Pitching: LHP John Coleman
Batting: RHB Kyle Bywaters 0-0: Called Strike
0-1: Fly out, F8 (Flyball, 89M)
Batting: SHB Vasco Paradela 0-0: Called Strike
0-1: Ball
1-1: Ball
2-1: Ball
3-1: SINGLE (Line Drive, 78S)
Batting: RHB Lawrence Bell 0-0: Ball
1-0: Foul Ball, location: 2F
1-1: Ball
2-1: SINGLE (Line Drive, 8LS)
Vasco Paradela to second
Pinch Runner at 2nd Dan Mendoza:
Batting: RHB Nathan Clay 0-0: Ball
1-0: Swinging Strike
1-1: Called Strike
1-2: Foul Ball, location: 2F
1-2: Ball
2-2: Foul Ball, location: 2F
2-2: Foul Ball, location: 2F
2-2: Ball
3-2: Base on Balls
Dan Mendoza to third
Lawrence Bell to second
Pinch Hitting: LHB Nick Leonard 0-0: Called Strike
0-1: Called Strike
0-2: Fly out, F8 (Flyball, 8LXD)
Runner from 3rd tags up, SCORES, no throw
Batting: RHB Kurt Chappell 0-0: Ball
1-0: Fly out, F9 (Line Drive, 9M)
Top of the 9th over - 1 run(s), 2 hit(s), 0 error(s), 2 left on base; California 2 - Boston 3
This league is powered by Out of the Park Baseball, the baseball management simulation game for PC, Mac and Linux
Friday, January 22nd, 2016 - OOTP Baseball 16.9 Build 39